Map: 아이스 앤 크롬 - 래더

Players

Denver

  • Race: Zerg Zerg
  • Spawn Location: 7:00

Solar - Winner!

  • Race: Zerg Zerg
  • Spawn Location: 1:00

Event: StayAtHomestory Cup #2

VOD

Have the link to the VOD?

Description

Time

  • Played on: June 12, 2020, 9:23 a.m.
  • Length: 9:18

All games in this series

Show
View Real Time Build Order
Export as new Build Order

Denver Zerg 

Build Orders: Hatch First 

Get SALT Encoding   

  12  0:00  Drone  
  13  0:12  Overlord  
  13  0:17  Drone  
  14  0:31  Drone  
  14  0:32  Drone  
  16  0:48  Hatchery  
  15  0:51  Drone  
  15  0:55  Drone  
  17  0:58  Drone  
  18  1:10  Extractor  
  17  1:14  Spawning Pool  
  17  1:18  Drone  
  17  1:20  Drone  
  18  1:29  Drone  
  19  1:39  Drone  
  20  1:50  Drone  
  21  2:01  Queen x2, Overlord  
  21  2:02  Zergling x2  
  26  2:10  Metabolic Boost  
  26  2:11  Drone  
  26  2:13  Drone  
  29  2:22  Zergling x2  
  29  2:23  Drone  
  30  2:34  Hatchery  
  30  2:37  Drone  
  30  2:40  Drone  
  31  2:45  Drone x2  
  33  2:51  Baneling Nest  
  33  2:56  Overlord  
  33  2:57  Drone  
  33  3:06  Drone  
  33  3:07  Drone  
  33  3:12  Overlord  
  35  3:14  Zergling x4  
  35  3:15  Zergling x2  
  35  3:16  Drone  
  39  3:20  Overlord  
  39  3:22  Drone  
  39  3:24  Drone  
  41  3:31  Extractor, Lair  
  41  3:33  Drone  
  41  3:35  Drone  
  41  3:40  Drone  
  41  3:41  Evolution Chamber  
  41  3:43  Drone  
  41  3:44  Drone  
  41  3:47  Drone  
  44  3:50  Drone x2  
  44  3:52  Drone  
  47  3:55  Drone  
  47  3:56  Drone  
  47  4:02  Extractor  
  48  4:03  Extractor, Drone x3  
  50  4:10  Zerg Melee Weapons Level 1  
  50  4:12  Drone  
  50  4:13  Drone x2  
  50  4:16  Overlord  
  53  4:20  Queen  
  53  4:23  Zergling x2  
  53  4:24  Zergling x2  
  57  4:27  Drone x2  
  59  4:33  Spire  
  59  4:36  Drone  
  59  4:40  Drone x3  
  59  4:41  Drone  
  62  4:46  Overlord  
  62  4:48  Drone x2  
  62  4:49  Drone  
  62  4:51  Drone  
  66  4:54  Overlord  
  66  4:56  Zergling x2  
  67  5:05  Extractor x2, Drone  
  67  5:06  Drone x2  
  67  5:07  Drone x3  
  69  5:11  Baneling  
  69  5:12  Zergling x2  
  71  5:18  Zergling x8  
  75  5:21  Overlord  
  75  5:28  Overlord  
  75  5:42  Overlord  
  75  5:47  Mutalisk x7  
  89  5:52  Overlord, Mutalisk  
  89  5:53  Hatchery  
  88  5:58  Mutalisk x2  
  90  6:10  Mutalisk x2  
  93  6:18  Drone x5  
  93  6:19  Drone x2  
  93  6:22  Zerg Flyer Weapons Level 1  
  93  6:23  Queen  
  98  6:26  Mutalisk  
  98  6:28  Overlord  
  98  6:30  Mutalisk  
  102  6:38  Mutalisk  
  104  6:40  Overlord  
  104  6:45  Mutalisk x2  
  108  6:51  Hatchery  
  108  6:52  Overseer  
  107  6:56  Overlord  
  107  6:58  Drone x3  
  110  7:06  Overlord  
  110  7:08  Mutalisk x3  
  110  7:14  Mutalisk  
  118  7:16  Drone  
  118  7:17  Drone x2  
  118  7:22  Mutalisk  
  121  7:26  Overlord x2  
  121  7:29  Mutalisk  
  125  7:36  Mutalisk  
  126  7:38  Zergling x16  
  126  7:39  Zergling x2  
  134  7:47  Overlord  
  134  7:53  Mutalisk  
  134  7:54  Mutalisk x2  
  140  8:01  Mutalisk  
  140  8:04  Mutalisk  
  143  8:09  Mutalisk  
  143  8:10  Overlord  
  143  8:12  Queen  
  146  8:14  Drone x9  
  146  8:19  Mutalisk  
  154  8:20  Extractor  
  154  8:25  Extractor  
  154  8:27  Mutalisk x2  
  154  8:33  Zergling x10  
  160  8:39  Zergling x12  
  162  8:46  Mutalisk x3  
  162  8:47  Overlord x2  
Show
View Real Time Build Order
Export as new Build Order

Solar Zerg - Winner!

Build Orders: Hatch First 

Get SALT Encoding   

  12  0:01  Drone  
  13  0:13  Overlord  
  13  0:17  Drone  
  14  0:31  Drone x2  
  16  0:49  Hatchery  
  15  0:51  Drone  
  15  0:55  Drone  
  17  0:59  Drone  
  18  1:09  Extractor  
  17  1:13  Spawning Pool  
  17  1:16  Drone  
  17  1:20  Drone  
  18  1:28  Drone  
  20  1:40  Drone  
  20  1:52  Drone  
  21  2:01  Queen x2  
  23  2:03  Overlord  
  23  2:04  Drone  
  26  2:10  Metabolic Boost  
  26  2:12  Drone  
  26  2:13  Drone  
  28  2:24  Drone, Zergling x2  
  30  2:33  Hatchery  
  30  2:35  Drone  
  30  2:37  Drone  
  31  2:45  Drone  
  31  2:49  Overlord  
  32  2:54  Baneling Nest  
  32  2:55  Zergling x2  
  32  2:56  Drone  
  33  3:05  Drone  
  34  3:07  Drone  
  34  3:10  Drone x3  
  34  3:11  Zergling x2  
  34  3:12  Zergling x2  
  40  3:13  Drone  
  41  3:21  Evolution Chamber, Overlord  
  41  3:23  Drone  
  41  3:29  Drone  
  41  3:32  Drone  
  43  3:41  Queen  
  43  3:43  Drone x3  
  43  3:44  Drone x4  
  52  3:50  Lair  
  52  3:54  Extractor  
  52  3:55  Drone, Overlord  
  51  3:57  Drone x2  
  51  4:00  Zergling x2  
  54  4:07  Drone  
  54  4:08  Drone x2  
  57  4:11  Zerg Melee Weapons Level 1  
  57  4:15  Roach Warren  
  57  4:16  Zergling x4  
  58  4:18  Drone x2  
  58  4:21  Extractor, Overlord  
  58  4:22  Extractor  
  58  4:24  Drone  
  58  4:28  Overlord  
  58  4:29  Drone  
  60  4:32  Drone  
  60  4:37  Overlord  
  61  4:40  Drone  
  61  4:42  Drone  
  63  4:49  Drone x3  
  63  4:50  Drone x2  
  63  4:51  Drone  
  69  4:54  Drone x4  
  69  4:55  Spire  
  69  4:56  Extractor x2, Overseer  
  69  4:58  Zergling x2  
  71  5:02  Zergling x2  
  71  5:03  Overlord  
  72  5:09  Drone  
  72  5:11  Overlord  
  73  5:14  Zergling x2  
  74  5:29  Zergling x20  
  74  5:33  Overlord  
  83  5:36  Baneling  
  83  5:37  Overlord  
  83  5:41  Drone  
  84  5:44  Zergling x4  
  84  5:47  Baneling  
  84  5:49  Overlord  
  86  5:53  Overlord  
  85  6:00  Drone  
  85  6:01  Hatchery  
  85  6:09  Mutalisk x9  
  103  6:12  Zerg Flyer Armor Level 1  
  102  6:19  Mutalisk x2  
  102  6:25  Drone  
  102  6:26  Drone x5  
  102  6:27  Mutalisk  
  102  6:30  Overlord  
  110  6:34  Extractor  
  110  6:35  Mutalisk  
  110  6:39  Extractor, Overlord  
  110  6:41  Mutalisk  
  110  6:45  Overlord  
  112  6:48  Mutalisk  
  114  6:55  Mutalisk  
  114  6:57  Zergling x10  
  114  6:59  Drone x2  
  114  7:00  Mutalisk  
  125  7:03  Mutalisk  
  125  7:04  Zergling x4  
  125  7:05  Overlord  
  128  7:11  Mutalisk  
  128  7:14  Queen  
  132  7:18  Overlord, Mutalisk  
  132  7:19  Mutalisk  
  136  7:25  Mutalisk  
  136  7:26  Zergling x8  
  136  7:29  Mutalisk  
  144  7:32  Overlord  
  144  7:34  Mutalisk  
  146  7:38  Zergling x6  
  146  7:41  Mutalisk  
  149  7:44  Mutalisk  
  149  7:46  Overlord  
  149  7:48  Drone, Mutalisk  
  154  7:52  Zergling x6  
  154  7:58  Mutalisk x2  
  161  8:02  Overlord  
  161  8:06  Mutalisk  
  161  8:08  Zergling x6  
  164  8:13  Mutalisk  
  166  8:21  Mutalisk x2  
  166  8:25  Overlord  
  168  8:27  Mutalisk  
  168  8:28  Spine Crawler  
  168  8:30  Mutalisk  
  168  8:32  Zergling x10  
  176  8:37  Mutalisk  
  177  8:41  Zergling x6  
  177  8:42  Zergling x6  
  177  8:46  Mutalisk  
  179  8:49  Mutalisk  
  179  8:51  Overlord  
Tags
 
Add a new tag
Caveats
  • Supply blocks, unpowered buildings, or Contaminate may cause inaccurate times.
  • Supply counts are checked every 10 seconds.